 Dungeon Crawl Stone Soup version 0.31.0-32-g396128a36d (webtiles) character file.

Game seed: 8250300219364444306

207 PaiMei the Grave Robber (level 5, -2/38 HPs)
             Began as a Demonspawn Necromancer on Apr 24, 2024.
             Slain by an adder (3 damage)
             ... on level 4 of the Dungeon.
             The game lasted 00:03:34 (3273 turns).

PaiMei the Grave Robber (Demonspawn Necromancer)    Turns: 3273, Time: 00:03:35

Health: -2/38      AC:  5    Str:  8    XL:     5   Next: 54%
Magic:  2/9        EV: 12    Int: 18    God:
Gold:   222        SH:  0    Dex: 13    Spells: 6/10 levels left

rFire   . . .        t - +1 spear (venom)
rCold   . . .        (no shield)
rNeg    . . .        a - +0 robe
rPois   .            k - +1 helmet
rElec   .            (no cloak)
rCorr   .            (no gloves)
SInv    .            q - +0 pair of boots
Will    .....        (no amulet)
Stlth   ++           (no ring)
HPRegen 0.26/turn    (no ring)
MPRegen 0.11/turn

%: no passive effects
@: no status effects
A: demonic guardian 2
a: no special abilities


You were on level 4 of the Dungeon.
You visited 1 branch of the dungeon, and saw 4 of its levels.

You collected 222 gold pieces.

Inventory:

Hand Weapons
 m - a +0 dagger of venom
 t - a +1 spear of venom (weapon)
Missiles
 i - 4 poisoned darts (quivered)
 s - a throwing net
Armour
 a - a +0 robe (worn)
 d - a +1 hat
 k - a +1 helmet (worn)
 q - a +0 pair of boots (worn)
Jewellery
 j - a +4 ring of protection
 l - a ring of protection from fire
 r - a +6 ring of dexterity
Scrolls
 f - a scroll of teleportation {unknown}
 g - 2 scrolls of identify {unknown}
 n - a scroll of vulnerability {unknown}
Potions
 b - a potion of magic
 c - a potion of cancellation {unknown}
 h - a potion of curing {unknown}
 o - a potion of invisibility {unknown}
 p - a potion of lignification {unknown}


   Skills:
 + Level 2.2 Fighting
 + Level 3.0 Dodging
 - Level 2.0 Stealth
 + Level 3.1 Spellcasting
 + Level 5.3 Necromancy


You had 6 spell levels left.
You knew the following spells:

 Your Spells              Type           Power      Damage    Failure   Level
a - Necrotise             Necr           88%        1d8       1%          1
b - Vampiric Draining     Necr           22%        2d7       5%          3

Your spell library contained the following spells:

 Spells                   Type           Power      Damage    Failure   Level
 Animate Dead             Necr           22%        N/A       17%         4
 Curse of Agony           Necr           22%        N/A       43%         5


Dungeon Overview and Level Annotations

Branches:
Dungeon (4/15)             Temple (0/1) D:4

Altars:
Gozag
Hepliaklqana
Nemelex Xobeh
Qazlal


Innate Abilities, Weirdness & Mutations

A demonic guardian rushes to your aid.


Message History

The hobgoblin writhes in agony.
You kill the hobgoblin!
The adder hisses angrily.
The dead are walking!
Casting: Necrotise (safe; 1% risk of failure)
Confirm with . or Enter, or press ? or * to list all spells.
Aiming: Necrotise (safe; 1% risk of failure)
Press: ? - help, Shift-Dir - straight line, f - adder
Aim: an adder (ally target, chance to affect: 85%)
You miscast Necrotise.
You are very lightly contaminated with residual magic.
Nothing appears to happen.
A hound comes into view.
Your hobgoblin skeleton hits the adder.
Your magical contamination has completely faded away.
You see here a yellow potion.
Casting: Necrotise (safe; 1% risk of failure)
Confirm with . or Enter, or press ? or * to list all spells.
Aiming: Necrotise (safe; 1% risk of failure)
Press: ? - help, Shift-Dir - straight line, f/p - adder
Aim: an adder (chance to affect: 85%)
The adder writhes in agony.
The adder misses you. The hound bites you.
* * * LOW HITPOINT WARNING * * *
A demonic guardian appears!
The adder attacks as it pursues you! The adder barely misses you.
The adder misses you.
Your ice devil hits the hound.
Your ice devil freezes the hound!
The hound barely misses you.
You swap places.
The hound bites you.
* * * LOW HITPOINT WARNING * * *
The adder bites you but does no damage.
Your ice devil hits the hound.
Your ice devil freezes the hound!
The hound dies!
Your Dodging skill increases to level 3!
Casting: Necrotise (safe; 1% risk of failure)
Confirm with . or Enter, or press ? or * to list all spells.
Aiming: Necrotise (safe; 1% risk of failure)
Press: ? - help, Shift-Dir - straight line, f/p - adder
Aim: an adder (heavily wounded, ally target, chance to affect: 86%)
The adder writhes in agony.
The adder bites you.
You die...

.......h.####
###.##.....######
##.##..##h.#...#
#...$......Z...#
#...§..##!##...# .
#.§>...##......#
.##.....######...#
........# #.S.#
......### #.4@#
......# #####
....<.# #.###.# #.
#.# . ... #.## ..#
###


You could see an adder (ally target), a friendly ice devil (summoned) and a
friendly hobgoblin skeleton.

Vanquished Creatures
  A bombardier beetle (D:4)
  4 gnolls (D:3)
  4 adders
  A dart slug (D:1)
  5 ball pythons
  6 endoplasms
  2 giant cockroaches (D:2)
  4 goblins
  6 hobgoblins
  3 jackals (D:2)
  3 kobolds
  3 quokkas
  3 bats
  5 frilled lizards
  4 rats
54 creatures vanquished.

Vanquished Creatures (collateral kills)
  A hound (D:4)
  An adder (D:2)
  A bat (D:2)
  A giant cockroach (D:1)
  A jackal (D:2)
  2 ball pythons
7 creatures vanquished.

Grand Total: 61 creatures vanquished

Notes
Turn   | Place    | Note
-------+----------+-------------------------------------------
     0 | D:1      | PaiMei the Demonspawn Necromancer began the quest for the
                  | Orb.
     0 | D:1      | Reached XP level 1. HP: 13/13 MP: 3/3
    65 | D:1      | Found a faded altar of an unknown god.
   370 | D:1      | Gained mutation: A weak demonic guardian rushes to your
                  | aid. [demonic ancestry]
   370 | D:1      | Reached XP level 2. HP: 14/19 MP: 0/5
  1063 | D:2      | Reached XP level 3. HP: 25/25 MP: 1/6
  1067 | D:2      | Learned a level 3 spell: Vampiric Draining
  1183 | D:2      | Reached skill level 1 in Fighting
  1924 | D:2      | Reached XP level 4. HP: 32/32 MP: 3/7
  2033 | D:3      | Found a hazy altar of Hepliaklqana.
  2127 | D:3      | Found a stormy altar of Qazlal.
  2479 | D:3      | Reached skill level 5 in Necromancy
  2542 | D:3      | Found an opulent altar of Gozag.
  2542 | D:3      | Found a sparkling altar of Nemelex Xobeh.
  3197 | D:4      | Found a staircase to the Ecumenical Temple.
  3200 | D:4      | Gained mutation: A demonic guardian rushes to your aid.
                  | [demonic ancestry]
  3200 | D:4      | Reached XP level 5. HP: 38/38 MP: 6/9
  3272 | D:4      | HP: 1/38 [hound (4)]
  3273 | D:4      | Slain by an adder

Illustrated notes

Levels and vault maps discovered:
D:1:      sevenhm_arrival_forest_fort_small_4, layout_loops_ring,
          shapermc_ecumenical_altar_venn, nicolae_figureground_pulse
D:2:      layout_loops_ring
D:3:      wander_river, layout_basic, grunt_temple_overflow_opulence,
          mainiacjoe_overflow_catwalk, grunt_qazlal_clouds
D:4:      layout_rooms, minmay_temple_entry_purple_smoke,
          eino_small_chamber_without_monster

Skill      XL: |  1  2  3  4  5 |
---------------+----------------+-----
Stealth        | 2 |  2.0
Dodging        | 2 3 |  3.0
Fighting       | 1 2 |  2.2
Necromancy     | 5 |  5.3
Spellcasting   | 3 |  3.1

Action                     |  1- 3 |  4- 6 || total
---------------------------+-------+-------++-------
  Melee: Mace              |    22 |       ||    22
         Dagger            |       |     1 ||     1
   Cast: Necrotise         |    62 |    43 ||   105
 Armour: Robe              |    27 |     9 ||    36
  Dodge: Dodged            |    31 |    11 ||    42
